 Dungeon Crawl Stone Soup version 0.25-a0-577-ga4619f409e (webtiles) character file.

Game seed: 311538892844004478, levelgen mode: deterministic

305 Flugslaktarn the Chopper (level 6, 21/57 HPs)
             Began as a Deep Dwarf Fighter on Mar 2, 2020.
             Quit the game on level 4 of the Dungeon.
             The game lasted 00:00:49 (796 turns).

Flugslaktarn the Chopper (Deep Dwarf Fighter)        Turns: 796, Time: 00:00:50

Health: 21/57      AC:  9    Str: 21    XL:     6   Next: 16%
Magic:  6/6        EV:  7    Int:  9    God:
Gold:   74         SH:  9    Dex: 12    Spells: 5/5 levels left

rFire    . . .     SeeInvis .   a - +0 war axe
rCold    . . .     Gourm    .   c - +0 kite shield
rNeg     . . .     Faith    .   b - +0 scale mail
rPois    .         Spirit   .   (no helmet)
rElec    .         Reflect  .   (no cloak)
rCorr    .         Harm     .   g - +1 pair of gloves
MR       .....                  (no boots)
Stlth    ..........             (no amulet)
HPRegen  0.00/turn              (no ring)
MPRegen  0.10/turn              (no ring)

@: lethally poisoned (21 -> -12), non-regenerating, lightly drained
A: damage resistance, heal wounds, sense surroundings 1, screaming 1, wild magic
1, no regeneration
a: Heal Wounds


You were on level 4 of the Dungeon.
You were not hungry.

You visited 1 branch of the dungeon, and saw 4 of its levels.

You collected 74 gold pieces.

Inventory:

Hand Weapons
 a - a +0 war axe (weapon)
Armour
 b - a +0 scale mail (worn)
 c - a +0 kite shield (worn)
 g - a +1 pair of gloves (worn)
   (You found it on level 1 of the Dungeon)
Scrolls
 f - a scroll of blinking {unknown}
Potions
 d - a potion of might
Comestibles
 e - 2 rations
 h - 6 chunks of flesh


   Skills:
 + Level 3.7(3.6) Fighting
 * Level 4.8(4.7) Axes
 + Level 4.4(4.3) Armour
 + Level 4.4(4.3) Shields


You had 5 spell levels left.
You didn't know any spells.
Your spell library was empty.

Dungeon Overview and Level Annotations

Branches:
Dungeon (4/15)
 Temple: D:4-7

Altars:


Innate Abilities, Weirdness & Mutations

You are resistant to damage.
You can heal yourself by infusing magical energy.
You passively map a small area around you.
You do not regenerate.
You occasionally shout uncontrollably at your foes.
Your spells are a little harder to cast, but a little more powerful.


Message History

You block the orc wizard's attack.
You are too injured to fight recklessly!
You are too injured to fight recklessly!
You feel much better.
You feel very sick.
The orc wizard hits you but does no damage.
You are more poisoned.
You block the orc wizard's attack.
The orc wizard hits you but does no damage.
You are lethally poisoned!
You feel very sick.
The orc wizard hits you but does no damage.
It was a potion of mutation.
You feel extremely strange.
You feel the urge to shout.
You feel less in control of your magic.
You feel very sick.
The orc wizard points at you and mumbles some strange words.
The puff of flame hits you!
Unknown command.
Okay, then.
Are you sure you want to abandon this character and quit the game? (Confirm with "yes".)

####.##### #.##.......#
#########........#
#..........#
.................#
####.......#
#########........#
#.......# .# ####..####
#.......# .# #..#
#.......# .# #.<##
###.......# .#####
#####...######.........##
......
.......oo@................
######
######.#####.......######
# #...)...# #.......#
#.....#.# #.######...
#.....#.# #.# ....
........#.. #.# .....
.##.....##.# #.# .....,
,,, ,#.?....# .# #.# * ...
#.(....# .# #[# * , ,


You could see 2 orc wizards.

Vanquished Creatures
  Menkaure (D:4)
  An orc priest (D:4)
  An orc wizard (D:3)
  A worker ant (D:4)
  3 adders
  3 gnolls (D:4)
  An ooze (D:3)
  A worm (D:2)
  2 dart slugs
  5 orcs
  5 bats
  3 giant cockroaches
  3 goblins
  A hobgoblin (D:3)
  A kobold (D:2)
  A ball python (D:3)
  A frilled lizard (D:3)
  6 rats
40 creatures vanquished.

Notes
Turn   | Place    | Note
-------+----------+-------------------------------------------
     0 | D:1      | Flugslaktarn the Deep Dwarf Fighter began the quest for the
                  | Orb.
     0 | D:1      | Reached XP level 1. HP: 20/20 MP: 1/1
   202 | D:2      | Reached XP level 2. HP: 27/27 MP: 2/2
   294 | D:2      | Reached XP level 3. HP: 33/33 MP: 3/3
   537 | D:3      | Reached XP level 4. HP: 38/42 MP: 4/4
   715 | D:4      | Reached XP level 5. HP: 38/49 MP: 5/5
   740 | D:4      | Noticed Menkaure
   749 | D:4      | Killed Menkaure
   749 | D:4      | Reached XP level 6. HP: 22/56 MP: 6/6
   795 | D:4      | Gained mutation: You occasionally shout uncontrollably at
                  | your foes. [potion of mutation]
   795 | D:4      | Gained mutation: Your spells are a little harder to cast,
                  | but a little more powerful. [potion of mutation]
   796 | D:4      | Quit the game

Levels and vault maps discovered:
D:1:      evilmike_arrival_fibonacci_small, layout_basic, minmay_nonomino_d4
D:2:      layout_basic, uniq_sigmund
D:3:      layout_loops_ring, gammafunk_ghost_split, first_ration
D:4:      layout_basic, uniq_menkaure

Skill      XL: |  1  2  3  4 |
---------------+-------------+-----
Axes           | 3 4 |  4.8
Fighting       | 3 |  3.7
Armour         | 4 |  4.4
Shields        | 4 |  4.4

Action                   |  1- 3 |  4- 6 || total
-------------------------+-------+-------++-------
Melee: War axe           |    85 |    73 ||   158
 Abil: Heal Wounds       |       |     4 ||     4
  Use: Potion            |       |     1 ||     1
Armor: Scale mail        |    51 |    41 ||    92
Dodge: Dodged            |    35 |    30 ||    65
Block: Kite shield       |    49 |    47 ||    96

Table legend:
 A = Non-vault XP
 B = Vault XP
 C = Vault XP percentage of total XP
 D = Non-vault monster count
 E = Vault monster count
 F = Vault count percentage of total count
                 A         B        C        D         E       F
            +---------+---------+-------+---------+---------+-------
      Total |     265 |     172 |  39.4 |      39 |       1 |   2.5
            +---------+---------+-------+---------+---------+-------
        D:1 |       9 |       0 |   0.0 |       4 |       0 |   0.0
        D:2 |      50 |       0 |   0.0 |      13 |       0 |   0.0
        D:3 |      84 |       0 |   0.0 |      15 |       0 |   0.0
        D:4 |     122 |     172 |  58.5 |       7 |       1 |  12.5
            +---------+---------+-------+---------+---------+-------
